 Dungeon Crawl Stone Soup version 0.31-a0-675-g238779eb0a (webtiles) character file.

Game seed: 17190239139511354636

4 lunkers the Ruffian (level 2, 0/23 HPs)
             Began as a Meteoran Shapeshifter on Sept 5, 2023.
             Slain by a jackal (2 damage)
             ... on level 1 of the Dungeon.
             The game lasted 00:00:17 (44 turns).

lunkers the Ruffian (Meteoran Shapeshifter)           Turns: 44, Time: 00:00:18

Health: 0/23       AC:  2    Str: 15    XL:     2   Next: 0%
Magic:  3/3        EV: 12    Int: 11    God:
Gold:   0          SH:  0    Dex: 13    Spells: 1/1 levels left

rFire   . .          .
                       - Unarmed
rCold   . . .        (no shield)
rNeg    . . .        a - +0 animal skin
rPois   .            (helmet currently unavailable)
rElec   .            (cloak currently unavailable)
rCorr   .            (gloves currently unavailable)
SInv    .            (boots currently unavailable)
Will    .....        (no amulet)
Stlth   +            (no ring)
HPRegen 0.23/turn    (no ring)
MPRegen 0.08/turn

%: no passive effects
@: beast-form, glowing
A: beast (slay +2), sense surroundings 1, otherworldly, glowing, explore regen
a: Begin Untransformation


You were on level 1 of the Dungeon.
You were a hulking beast.
You visited 1 branch of the dungeon, and saw 1 of its levels.

Inventory:

Armour
 a - a +0 animal skin (worn)
Talismans
 c - a beast talisman (active)
 d - a flux talisman
Potions
 b - a potion of lignification
 e - a potion of degeneration {unknown}


   Skills:
 - Level 1.1 Fighting
 - Level 2.1 Dodging
 * Level 3.9 Unarmed Combat
 + Level 3.7 Shapeshifting


You had one spell level left.
You didn't know any spells.
Your spell library was empty.

Dungeon Overview and Level Annotations

Branches:
Dungeon (1/15) Zot: 556

Altars:


Innate Abilities, Weirdness & Mutations

You are a hulking beast.
Your limbs bulge with bestial killing power. (Slay +2)
You passively map a small area around you.
You are easily found by Zot.
You glow in the dark.
You regain HP and MP as you explore.


Message History

You have reached level 2!
You hit the jackal.
The jackal is moderately wounded.
The giant cockroach bites you.
* * * LOW HITPOINT WARNING * * *
The jackal misses you.
The jackal bites you but does no damage.
The jackal closely misses you. The rat barely misses you.
The giant cockroach closely misses you.
You barely miss the jackal. The jackal barely misses you. x2
The jackal misses you. The rat misses you. The jackal bites you.
* * * LOW HITPOINT WARNING * * *
The giant cockroach barely misses you.
You hit the jackal.
The jackal is almost dead.
The jackal closely misses you. x2; The jackal completely misses you.
The giant cockroach misses you. The rat closely misses you.
The jackal bites you.
* * * LOW HITPOINT WARNING * * *
The jackal bites you but does no damage.
You barely miss the jackal.
The jackal is heavily wounded.
The jackal misses you.
The jackal bites you but does no damage. x2
The giant cockroach closely misses you. The rat barely misses you.
Unknown command.
You barely miss the jackal.
The jackal is heavily wounded.
The jackal closely misses you. The jackal barely misses you.
The jackal closely misses you. The giant cockroach barely misses you.
The jackal misses you.
Unknown command.
You closely miss the jackal.
The jackal is heavily wounded.
The jackal misses you. The rat barely misses you. The jackal bites you.
* * * LOW HITPOINT WARNING * * *
The giant cockroach bites you.
* * * LOW HITPOINT WARNING * * *
The jackal closely misses you. The jackal bites you.
You die...

** , * , , , ...###.......
, ............. ,,* ,
#...........# ,
,*#...........# * * ,
#...........#
#####.......[...# ####
......hB....(.##* #.<#
......hh†......####''###
......rh.......##......#
.........†.....##.≈≈≈≈.#
...............##.≈≈≈§.# ,
.....#.........##......#
*,
,,.....####......####''###
...., #......####..# %...
#.........#''# *
#......##.†..#


You could see 3 jackals, a giant cockroach and a rat.

Vanquished Creatures
  A bat (D:1)
  A jackal (D:1)
  A quokka (D:1)
  A rat (D:1)
4 creatures vanquished.

Notes
Turn   | Place    | Note
-------+----------+-------------------------------------------
     0 | D:1      | lunkers the Meteoran Shapeshifter began the quest for the
                  | Orb.
     0 | D:1      | Reached XP level 1. HP: 16/16 MP: 2/2
    39 | D:1      | Reached XP level 2. HP: 7/23 MP: 3/3
    44 | D:1      | Slain by a jackal

Illustrated notes

Levels and vault maps discovered:
D:1:      lightli_arrival_lavapool, layout_basic,
          chequers_ecumenical_altar_lobes

Action                     || total
---------------------------++-------
  Melee: Unarmed           ||    15
         Punch             ||     1
 Armour: Animal skin       ||    26
  Dodge: Dodged            ||    32

Table legend: (Time is in decaauts)
 A = Elapsed time spent in this place.
 B = Non-inter-level travel time spent in this place.
 C = Inter-level travel time spent in this place.
 D = Time resting spent in this place.
 E = Time spent auto-exploring this place.
 F = Levels seen in this place.
 G = Mean time per level.
                   A        B        C        D        E       F      G
               +--------+--------+--------+--------+--------+-----+--------+
         Total |     42 |     42 |      0 |      0 |     17 |   1 |   42.0 |
       Dungeon |     42 |     42 |      0 |      0 |     17 |   1 |   42.0 |
               +--------+--------+--------+--------+--------+-----+--------+

Top non-repeatable levels by time:
     D:1: 42 daAuts
